 Dungeon Crawl Stone Soup version 0.22-a0-271-gc000056 (webtiles) character file.

52 4thArraOfDagon the Chiller (level 4, -2/30 HPs)
             Began as a Formicid Ice Elementalist on Mar 12, 2018.
             Slain by an orc
             ... wielding a +0 flail
              (9 damage)
             ... on level 3 of the Dungeon.
             The game lasted 00:03:17 (485 turns).

4thArraOfDagon the Chiller (FoIE)                    Turns: 485, Time: 00:03:17

Health: -2/30      AC:  2    Str: 12    XL:     4   Next: 8%
Magic:  2/7        EV: 12    Int: 16    God:
Gold:   7          SH:  0    Dex: 11    Spells: 6/7 levels left

rFire    . . .     SeeInvis +     - Unarmed
rCold    . . .     Gourm    .   (no shield)
rNeg     . . .     Faith    .   a - +0 robe
rPois    .         Spirit   .   (helmet unavailable)
rElec    .         Reflect  .   (no cloak)
rCorr    .         Harm     .   (no gloves)
MR       .....                  (no boots)
Stlth    ++........             (no amulet)
HPRegen  0.10/turn              (no ring)
MPRegen  0.10/turn              (no ring)

@: no status effects
A: permanent stasis, dig shafts and tunnels, four strong arms, antennae 3
a: Dig, Shaft Self


You were on level 3 of the Dungeon.
You were very hungry.

You visited 1 branch of the dungeon, and saw 4 of its levels.

You collected 7 gold pieces.

Inventory:

Armour
 a - a +0 robe (worn)
 e - a +0 pair of gloves
Scrolls
 b - a scroll of teleportation {unknown}
Potions
 d - a potion of degeneration {unknown}
Comestibles
 c - 3 rations
 f - 2 chunks of flesh


   Skills:
 - Level 1.7 Dodging
 - Level 2.4 Stealth
 - Level 2.0 Unarmed Combat
 - Level 2.1 Spellcasting
   Level 0.8 Conjurations
 * Level 4.0 Ice Magic


You had 6 spell levels left.
You knew the following spells:

 Your Spells              Type           Power        Failure   Level  Hunger
a - Freeze                Ice            ##..         3%          1    #......


Dungeon Overview and Level Annotations

Branches:
Dungeon (4/15)             Temple (0/1) D:4

Altars:


Innate Abilities, Weirdness & Mutations

You cannot be hasted, slowed, berserked, paralysed or teleported.
You can dig through walls and to a lower floor.
Your four strong arms can wield two-handed weapons with a shield.
You have a pair of large antennae on your head. (SInv)


Message History

Things that are here:
a leather armour; an orc skeleton An orc comes into view.
It is wielding a hand axe.
The orc priest shouts!
You hear a shout!
The orc priest calls down the wrath of Beogh upon you.
Beogh smites you!
Ouch! That really hurt!
* * * LOW HITPOINT WARNING * * *
Unknown command.
Unknown command.
Unknown command.
You extend your mandibles.
You dig through the rock wall.
Unknown command.
You retract your mandibles.
Unknown command.
Are you sure you want to shaft yourself?
You are feeling very hungry.
The orc hits you with a flail!
You die...

##.##
#............#
##.##
#............# #.##
#.....>......#
##o##
#....#.......#
##.##
#....#.......#
##o##
#....+.......#
##{##
#....#.......#
##{####.#######.###
##.###.@........#
##{####o######.#
##.o{.).....#.###
#.######.......#
#.# #..)...#.#.#
#.###.##.....#.#
#.)...##.#.......
####.....######.#
#.##### #


You could see an orc.

Vanquished Creatures
  3 adders (D:3)
  An ooze (D:3)
  8 orcs (D:3)
  A goblin (D:3)
  A hobgoblin (D:3)
14 creatures vanquished.

Notes
Turn   | Place    | Note
-------+----------+-------------------------------------------
     0 | D:1      | 4thArraOfDagon the Formicid Ice Elementalist began the quest for the Orb.
     0 | D:1      | Reached XP level 1. HP: 13/13 MP: 3/3
     5 | D:1      | You fall through a shaft!
    19 | D:2      | You fall through a shaft!
    40 | D:3      | Reached skill level 1 in Unarmed Combat
    40 | D:3      | Reached XP level 2. HP: 16/19 MP: 0/5
    71 | D:4      | Found a staircase to the Ecumenical Temple.
    71 | D:4      | Noticed an ogre
   219 | D:3      | Reached XP level 3. HP: 18/24 MP: 3/6
   436 | D:3      | Reached XP level 4. HP: 22/30 MP: 2/7
   461 | D:3      | Reached skill level 4 in Ice Magic
   485 | D:3      | Slain by an orc

Vault maps used:
D:1:      dpeg_arrival_more_subterranean_lakeside_camping
D:2:      uniq_crazy_yiuf_cottage
D:3:      first_ration
D:4:      minmay_temple_entry_large_hall, minmay_close_crescents

Skill      XL: |  1  2  3  4 |
---------------+-------------+-----
Unarmed Combat | 1 2 |  2.0
Ice Magic      | 4 |  4.0
Dodging        | |  1.7
Stealth        | |  2.4
Spellcasting   | |  2.1
Conjurations   | |  0.8

Action                   |  1- 3 |  4- 6 || total
-------------------------+-------+-------++-------
Melee: Unarmed           |     4 |       ||     4
 Cast: Freeze            |    28 |     6 ||    34
 Abil: Shaft Self        |     2 |     1 ||     3
       Dig               |     3 |     1 ||     4
Armor: Robe              |     5 |       ||     5
Dodge: Dodged            |    11 |     2 ||    13

Table legend:
 A = Spawn XP
 B = Non-spawn XP
 C = Spawn XP percentage of total XP
 D = Spawn monster count
 E = Non-spawn monster count
 F = Spawn count percentage of total count
 G = Total turns spent on level
                    A         B        C        D         E        F      G
               +---------+---------+-------+---------+---------+-------+---------
         Total |       0 |      75 |   0.0 |       0 |      14 |   0.0 |   485
               +---------+---------+-------+---------+---------+-------+---------
           D:3 |       0 |      75 |   0.0 |       0 |      14 |   0.0 |   460
               +---------+---------+-------+---------+---------+-------+---------
